 Dungeon Crawl Stone Soup version 0.28-a0-1190-g77e1c55843 (webtiles) character file.

Game seed: 17158532649194083106

88 halfoni the Chopper (level 4, 0/55 HPs)
             Began as a Human Berserker on Dec 19, 2021.
             Was a Follower of Trog.
             Slain by Natasha (4 damage)
             ... on level 2 of the Dungeon.
             The game lasted 00:02:10 (1786 turns).

halfoni the Chopper (Human Berserker)               Turns: 1786, Time: 00:02:10

Health: 0/55       AC: 11    Str: 19    XL:     4   Next: 81%
Magic:  4/4        EV:  6    Int:  8    God:    Trog [*.....]
Gold:   61         SH:  5    Dex: 12    Spells: 3/3 levels left

rFire   . . .      SeeInvis .   a - +0 hand axe
rCold   . . .      Faith    .   (no shield)
rNeg    . . .      Spirit   .   f - +0 plate armour
rPois   .          Reflect  +   (no helmet)
rElec   .          Harm     .   (no cloak)
rCorr   .          Rampage  .   (no gloves)
Will    .....                   (no boots)
Stlth   ..........              d - amulet of reflection
HPRegen 0.18/turn               (no ring)
MPRegen 0.09/turn               (no ring)

@: berserking, slowed
A: no striking features
a: Renounce Religion, Berserk


You were on level 2 of the Dungeon.
You worshipped Trog.
Trog was aware of your devotion.
You visited 1 branch of the dungeon, and saw 2 of its levels.

You collected 61 gold pieces.

Inventory:

Hand Weapons
 a - a +0 hand axe (weapon)
Armour
 f - a +0 plate armour (worn)
Jewellery
 d - an amulet of reflection (around neck)
Potions
 b - a potion of mutation {unknown}
 c - a potion of curing {unknown}


   Skills:
 + Level 3.6 Fighting
 + Level 4.1 Axes
 + Level 2.6 Armour
 + Level 2.1 Dodging
 + Level 0.6 Stealth
 + Level 0.1 Shields


You had 3 spell levels left.
You didn't know any spells.
Your spell library was empty.

Dungeon Overview and Level Annotations

Branches:
Dungeon (2/15)

Altars:

Annotations:
D:2 Natasha


Message History

Natasha mumbles some strange words.
The white imp gestures at you.
The puff of frost reflects off an invisible shield around you!
The puff of frost hits the white imp.
The white imp resists.
A red film seems to cover your vision as you go berserk!
You feel yourself moving faster!
You feel mighty! You block Natasha's attack. The white imp hits you.
* * * LOW HITPOINT WARNING * * *
The white imp freezes you.
* * * LOW HITPOINT WARNING * * *
You hit Natasha but do no damage.
Natasha is almost dead.
You slash the white imp! You slash the shadow imp! The shadow imp hits you.
* * * LOW HITPOINT WARNING * * *
Natasha claws you.
* * * LOW HITPOINT WARNING * * *
The white imp gestures at you. The puff of frost hits you.
* * * LOW HITPOINT WARNING * * *
You hit Natasha but do no damage.
Natasha is almost dead.
You hit the shadow imp.
You kill the shadow imp!
The shadow imp disappears in a puff of smoke!
You closely miss the white imp.
Natasha mumbles some strange words.
The white imp hits you but does no damage.
You barely miss Natasha.
Natasha is almost dead.
You hit the white imp.
You kill the white imp!
The white imp disappears in a puff of smoke!
Natasha barely misses you.
The crimson imp blinks!
Unknown command.
You closely miss Natasha.
Natasha is almost dead.
Natasha mumbles some strange words.
You completely miss Natasha.
Natasha is almost dead.
You hit the crimson imp. Natasha claws you.
You die...

#.# #.# #####.#
+....)#####
#........#
#........#
#........# .
#.5......# §..
#@..[....#
§..§####h......†###
.._§.....5......†.#
.#
........†.......#.#
.#
.#......#########.#
.# #......# #.# .#
.. .######## #.# .#
#. .# #.# .# #. .#
#.#


You could see an iron imp (summoned), Natasha and a crimson imp (summoned).

Vanquished Creatures
  Natasha (twice) (D:2)
  2 worms (D:2)
  4 dart slugs
  2 endoplasms (D:1)
  A giant cockroach (D:1)
  3 goblins (D:1)
  2 hobgoblins (D:1)
  A quokka (D:2)
  2 ball pythons (D:1)
  A bat (D:1)
  2 frilled lizards
  5 kobolds
  2 rats
29 creatures vanquished.

Vanquished Creatures (others)
  6 plants (D:1)
6 creatures vanquished.

Grand Total: 35 creatures vanquished

Notes
Turn   | Place    | Note
-------+----------+-------------------------------------------
     0 | D:1      | halfoni the Human Berserker began the quest for the Orb.
     0 | D:1      | Reached XP level 1. HP: 18/18 MP: 1/1
   104 | D:1      | Reached XP level 2. HP: 13/24 MP: 2/2
   855 | D:1      | Reached XP level 3. HP: 28/29 MP: 3/3
  1662 | D:2      | Noticed Natasha
  1672 | D:2      | Killed Natasha
  1673 | D:2      | Reached XP level 4. HP: 35/35 MP: 4/4
  1718 | D:2      | Noticed Natasha
  1722 | D:2      | Found a faded altar of an unknown god.
  1731 | D:2      | Killed Natasha
  1732 | D:2      | Reached skill level 4 in Axes
  1768 | D:2      | Noticed Natasha
  1786 | D:2      | Slain by Natasha

Illustrated notes

Levels and vault maps discovered:
D:1:      wheals_arrival_shading, layout_loops_ring, serial_glass,
          glass_columns_a, glass_columns_c, serial_bayou_lagoon_b
D:2:      layout_basic, ebering_ecumenical_altar_mist, serial_bayou_crossing,
          uniq_natasha

Skill      XL: |  1  2  3  4 |
---------------+-------------+-----
Axes           | 4 |  4.1
Fighting       | |  3.6
Armour         | |  2.6
Dodging        | |  2.1
Stealth        | |  0.6
Shields        | |  0.1

Action                   |  1- 3 |  4- 6 || total
-------------------------+-------+-------++-------
Melee: Hand axe          |    90 |    25 ||   115
Invok: Berserk           |     3 |     1 ||     4
 Stab: Sleeping          |     1 |       ||     1
Armor: Ring mail         |    11 |       ||    11
       Animal skin       |     1 |       ||     1
       Plate armour      |       |    10 ||    10
Dodge: Dodged            |    38 |     6 ||    44
Block: Other             |     6 |     5 ||    11
       Reflection        |     1 |     1 ||     2

Table legend: (Time is in decaauts)
 A = Elapsed time spent in this place.
 B = Non-inter-level travel time spent in this place.
 C = Inter-level travel time spent in this place.
 D = Time resting spent in this place.
 E = Time spent auto-exploring this place.
 F = Levels seen in this place.
 G = Mean time per level.
                   A        B        C        D        E       F      G
               +--------+--------+--------+--------+--------+-----+--------+
         Total |   1873 |   1873 |      0 |    580 |    942 |   2 |  936.5 |
       Dungeon |   1873 |   1873 |      0 |    580 |    942 |   2 |  936.5 |
               +--------+--------+--------+--------+--------+-----+--------+

Top non-repeatable levels by time:
     D:1: 1348 daAuts
     D:2: 525 daAuts
